 Dungeon Crawl Stone Soup version 0.18-a0-1390-gc02854d (webtiles) character file.

753 dvd the Insei (level 7, -1/37 HPs)
             Began as a Vine Stalker Monk on Feb 22, 2016.
             Was a Believer of Qazlal.
             Shot with an arrow by a centaur (6 damage)
             ... on level 5 of the Dungeon.
             The game lasted 00:18:48 (4155 turns).

dvd the Insei (Vine Stalker Monk)                   Turns: 4155, Time: 00:18:48

Health: -1/37      AC:  4    Str: 11 (13) XL:     7   Next: 78%
Magic:  0/8        EV: 13    Int:  9 (10) God:    Qazlal [**....]
Gold:   328        SH:  7    Dex: 17 (19) Spells: 0 memorised, 6 levels left

rFire  . . .     SeeInvis .       - Unarmed
rCold  . . .     Gourm    .     i - +0 leather armour (curse)
rNeg   . . .     Faith    .     p - +1 buckler
rPois  .         Spirit   +     (no helmet)
rElec  .         Dismiss  .     (no cloak)
rCorr  +         Reflect  .     l - +0 pair of gloves
SustAt .         Harm     .     (no boots)
MR     +....                    (no amulet)
Stlth  ++........               u - ring of resist corrosion
                                r - ring of protection from magic

@: somewhat resistant to hostile enchantments, unstealthy
A: fangs 2, regeneration 2, magic shield, antimagic bite, no device heal 3, rot
immunity
a: Upheaval, Renounce Religion


You were on level 5 of the Dungeon.
You worshipped Qazlal.
Qazlal was pleased with you.
You were hungry.

You visited 2 branches of the dungeon, and saw 6 of its levels.

You collected 328 gold pieces.

Inventory:

Hand Weapons
 q - a +0 hunting sling
 s - a +0 hunting sling
Missiles
 e - 11 sling bullets
 j - 12 poisoned sling bullets
Armour
 a - a +0 robe
 h - a +0 robe
 i - a cursed +0 leather armour (worn)
 l - a +0 pair of gloves (worn)
 p - a +1 buckler (worn)
Jewellery
 r - a ring of protection from magic (left hand)
 u - a ring of resist corrosion (right hand)
 y - an uncursed amulet of faith
Scrolls
 g - a scroll of fear {unknown}
 k - 2 scrolls of remove curse
 t - 4 scrolls of identify
 z - a scroll of noise {unknown}
Potions
 c - a potion of flight
 f - a potion of lignification
Comestibles
 b - 2 bread rations
 x - a meat ration


   Skills:
 + Level 4.2 Fighting
 + Level 2.5 Armour
 + Level 4.1 Dodging
 + Level 4.0 Stealth
 + Level 0.8 Shields
 + Level 6.1 Unarmed Combat


You had 6 spell levels left.
You didn't know any spells.

Dungeon Overview and Level Annotations

Branches:
Dungeon (5/15)             Temple (1/1) D:4

Altars:
Ashenzari
Dithmenos
Elyvilon
Nemelex Xobeh
Okawaru
Qazlal
Ru
Sif Muna
Trog
Vehumet
Xom
Yredelemnul
Zin
The Shining One


Innate Abilities, Weirdness & Mutations

You have extremely sharp teeth.
You heal very quickly.
When hurt, damage is shared between your health and your magic reserves.
Your bite disrupts and absorbs the magic of your enemies.
Potions and wands cannot restore your health.
You are immune to rotting.


Message History

The quokka barely misses you.
The centaur shoots an arrow.
You block the arrow.
The orc priest casts a cantrip, but nothing happens.
Unknown command.
You barely miss the quokka. You bite the quokka. You drain its power.
You feel invigorated.
The quokka is severely wounded.
The quokka bites you but does no damage.
You block the orc priest's attack.
Unknown command.
You hit the quokka.
You kill the quokka!
Qazlal accepts your kill.
The centaur shoots an arrow.
The arrow hits you!
* * * LOW HITPOINT WARNING * * *
Unknown command.
The centaur shoots an arrow.
The arrow hits you.
* * * LOW HITPOINT WARNING * * *
The orc priest hits you but does no damage.
The centaur shoots an arrow.
The arrow hits you!
You die...

.... ....#+####
.......... .....<[..
......... #.....#
#####.§.# ##+##
.......@######...#..
##.....o(...c....#..
#.....#######...#..
#..... #...#.#
#..... #...#.#
#..... ###§..#.#
#..... #(....#.#####
###### #...#.......#
#...#.......#


You could see a centaur and an orc priest.

Vanquished Creatures
  Grinder (D:3)
  A phantom (D:4)
  An ogre (D:5)
  A scorpion (D:5)
  A hound (D:4)
  An orc wizard (D:4)
  A centaur skeleton (D:4)
  A giant frog skeleton (D:4)
  Ijyb (D:2)
  2 worker ants (D:4)
  A worker ant zombie (D:4)
  3 adders
  2 oozes
  An adder skeleton (D:4)
  3 worms (D:2)
  2 dart slugs
  2 giant geckos
  10 orcs
  6 bats
  5 giant cockroaches
  14 goblins
  7 hobgoblins
  6 jackals (D:2)
  4 kobolds
  2 quokkas
  A giant gecko skeleton (D:4)
  5 giant newts
  5 rats
90 creatures vanquished.

Vanquished Creatures (others)
  An orc wizard (D:4)
  A hound skeleton (D:4)
  A worm (D:4)
3 creatures vanquished.

Grand Total: 93 creatures vanquished

Notes
Turn   | Place    | Note
--------------------------------------------------------------
     0 | D:1      | dvd the Vine Stalker Monk began the quest for the Orb.
     0 | D:1      | Reached XP level 1. HP: 11/11 MP: 2/2
    86 | D:1      | Reached XP level 2. HP: 13/16 MP: 3/3
   911 | D:2      | Reached XP level 3. HP: 20/20 MP: 4/4
  1594 | D:2      | Noticed Ijyb
  1612 | D:2      | Reached XP level 4. HP: 9/24 MP: 5/5
  1613 | D:2      | Killed Ijyb
  2420 | D:3      | Noticed Grinder
  2444 | D:3      | HP: 1/24 [Grinder (1)]
  2448 | D:3      | Killed Grinder
  2448 | D:3      | Reached skill level 1 in Armour
  2448 | D:3      | Reached skill level 5 in Unarmed Combat
  2448 | D:3      | Reached XP level 5. HP: 1/28 MP: 0/6
  2448 | D:3      | Gained mutation: You heal very quickly. [Vine Stalker growth]
  2448 | D:3      | Reached XP level 6. HP: 1/32 MP: 0/7
  2681 | D:3      | Found a white marble altar of Elyvilon.
  3057 | D:4      | Found a shimmering altar of Xom.
  3190 | D:4      | Reached XP level 7. HP: 37/37 MP: 8/8
  3493 | D:4      | Found a staircase to the Ecumenical Temple.
  3520 | Temple   | Entered the Ecumenical Temple
  3602 | Temple   | Became a worshipper of Qazlal Stormbringer
  3602 | Temple   | Reached * piety under Qazlal
  3602 | Temple   | Reached ** piety under Qazlal
  3913 | D:4      | Found a radiant altar of Vehumet.
  3979 | D:5      | Entered Level 5 of the Dungeon
  4059 | D:5      | Reached skill level 6 in Unarmed Combat
  4155 | D:5      | Shot with an arrow by a centaur

Vault maps used:
D:1:      dpeg_arrival_tiny_g
D:2:      kennysheep_goblin_castle, first_bread, amethyst_killhole,
          serial_bayou_crossing
D:3:      lemuel_crystal_altar, uniq_grinder
D:4:      kennysheep_little_box, minmay_temple_entry_statues_fountains,
          xom_confusion_cloud
D:5:      guppyfry_shop_venom
Temple:   nicolae_temple_no_exploring_needed

Skill      XL: |  1  2  3  4  5  6  7 |
---------------+----------------------+-----
Fighting       | 3 4 |  4.2
Stealth        | 3 4 |  4.0
Dodging        | 3 4 |  4.1
Armour         | 1 2 |  2.5
Unarmed Combat | 5 6 |  6.1
Shields        | |  0.8

Action                   |  1- 3 |  4- 6 |  7- 9 || total
-------------------------+-------+-------+-------++-------
Melee: Unarmed           |   128 |   113 |    86 ||   327
 Fire: Hunting sling     |       |       |     3 ||     3
  Use: Scroll            |     2 |     2 |       ||     4
       Potion            |       |       |     8 ||     8
 Stab: Sleeping          |     4 |     3 |       ||     7
  Eat: Chunk             |     2 |     5 |     3 ||    10
